 Dungeon Crawl Stone Soup version 0.29-a0-275-g389c0b56f3 (webtiles) character file.

Game seed: 12590982284694596358

43 siradein the Shooter (level 3, -4/21 HPs)
             Began as a Deep Elf Hunter on Mar 10, 2022.
             Slain by Natasha (7 damage)
             ... on level 2 of the Dungeon.
             The game lasted 00:02:47 (1093 turns).

siradein the Shooter (Deep Elf Hunter)              Turns: 1093, Time: 00:02:47

Health: -4/21      AC:  3    Str:  9    XL:     3   Next: 37%
Magic:  5/5        EV: 12    Int: 15    God:
Gold:   97         SH:  0    Dex: 17    Spells: 2/2 levels left

rFire   . . .      SeeInvis .   a - +1 shortbow
rCold   . . .      Faith    .   (shield currently unavailable)
rNeg    . . .      Spirit   .   b - +0 leather armour
rPois   .          Reflect  .   (no helmet)
rElec   .          Harm     .   (no cloak)
rCorr   .          Rampage  .   (no gloves)
Will    .....                   (no boots)
Stlth   ++........              (no amulet)
HPRegen 0.07/turn               (no ring)
MPRegen 0.09/turn               (no ring)

@: no status effects
A: no striking features
a: no special abilities


You were on level 2 of the Dungeon.
You visited 1 branch of the dungeon, and saw 2 of its levels.

You collected 97 gold pieces.

Inventory:

Hand Weapons
 a - a +1 shortbow (weapon)
Armour
 b - a +0 leather armour (worn)
Scrolls
 c - a scroll of immolation
 d - a scroll of enchant weapon {unknown}
 g - a scroll of blinking {unknown}
 i - a scroll of identify {unknown}
Potions
 e - 2 potions of heal wounds {unknown}
 f - a potion of flight {unknown}
 h - a potion of curing {unknown}


   Skills:
 + Level 2.1 Fighting
 + Level 5.7 Bows
 + Level 3.1 Dodging
 + Level 2.4 Stealth


You had 2 spell levels left.
You didn't know any spells.
Your spell library was empty.

Dungeon Overview and Level Annotations

Branches:
Dungeon (2/15)

Altars:

Annotations:
D:2 Natasha


Message History

You see here a +0 dagger.
There is a stone staircase leading down here.
You climb downwards.
Found an emerald potion.
There is a stone staircase leading up here.
A giant cockroach is nearby!
You shoot an arrow. The arrow hits the giant cockroach.
The giant cockroach is almost dead.
You shoot an arrow. The arrow hits the giant cockroach.
You kill the giant cockroach!
h - an emerald potion A hobgoblin comes into view.
You shoot an arrow. The arrow hits the hobgoblin.
You kill the hobgoblin!
You see here a giant cockroach corpse.
You now have 97 gold pieces (gained 19).
i - a scroll labelled TOMEVE KUVA Natasha, Servant of Life and Death comes into view.
You shoot an arrow. The arrow hits Natasha.
Natasha hisses angrily.
Natasha is moderately wounded.
You shoot an arrow. The arrow misses Natasha.
Natasha claws you.
You shoot an arrow. The arrow barely misses Natasha.
Natasha claws you!
You shoot an arrow. The arrow hits Natasha!
Natasha is almost dead.
Natasha closely misses you. Natasha claws you.
Shoot: a) +1 shortbow
Press: ? - help, Q - select action Shift-Dir - straight line, f/p - Natasha
Aim: Natasha (almost dead, 58% to hit)
You shoot an arrow. The arrow hits Natasha.
Natasha is almost dead.
Natasha claws you.
* * * LOW HITPOINT WARNING * * *
Unknown command.
Shoot: a) +1 shortbow
Press: ? - help, Q - select action Shift-Dir - straight line, f/p - Natasha
Aim: Natasha (almost dead, 58% to hit)
You shoot an arrow. The arrow closely misses Natasha.
Natasha claws you!
You die...

#.# #.# .# .# #.#
.# .# #.# .# .#
#.## ###.# .# ...#
##...# .# ..<#
####...# .#
...####......####h#
.........#......@.#
......###.##.######
...^..# #....#
....#.###.####
..†###...##
...####.##
........# .########
.


You could see Natasha.

Vanquished Creatures
  2 dart slugs (D:1)
  A ball python (D:1)
  3 bats (D:1)
  4 endoplasms (D:1)
  3 giant cockroaches
  4 goblins (D:1)
  A hobgoblin (D:2)
  6 jackals (D:1)
  2 quokkas (D:1)
  A frilled lizard (D:1)
  3 kobolds (D:1)
  2 rats (D:1)
32 creatures vanquished.

Notes
Turn   | Place    | Note
-------+----------+-------------------------------------------
     0 | D:1      | siradein the Deep Elf Hunter began the quest for the Orb.
     0 | D:1      | Reached XP level 1. HP: 12/12 MP: 3/3
   114 | D:1      | Reached XP level 2. HP: 3/17 MP: 4/4
   675 | D:1      | Reached XP level 3. HP: 21/21 MP: 5/5
  1087 | D:2      | Noticed Natasha
  1093 | D:2      | Slain by Natasha

Illustrated notes

Levels and vault maps discovered:
D:1:      heliophobic_arrival_glass_houses, layout_loops_ring, serial_glass,
          glass_columns_a, glass_columns_b, item_on_display_a,
          due_unseen_surprise, minmay_statues_item, minmay_pentomino_s2
D:2:      layout_loops_ring, uniq_natasha

Skill      XL: |  1  2 |
---------------+-------+-----
Stealth        | 2 |  2.4
Fighting       | 2 |  2.1
Dodging        | 3 |  3.1
Bows           | |  5.7

Action                   || total
-------------------------++-------
 Fire: Shortbow          ||    73
Armor: Leather armour    ||    17
Dodge: Dodged            ||    38

Table legend: (Time is in decaauts)
 A = Elapsed time spent in this place.
 B = Non-inter-level travel time spent in this place.
 C = Inter-level travel time spent in this place.
 D = Time resting spent in this place.
 E = Time spent auto-exploring this place.
 F = Levels seen in this place.
 G = Mean time per level.
                   A        B        C        D        E       F      G
               +--------+--------+--------+--------+--------+-----+--------+
         Total |   1112 |   1090 |     22 |      0 |    926 |   2 |  556.0 |
       Dungeon |   1112 |   1090 |     22 |      0 |    926 |   2 |  556.0 |
               +--------+--------+--------+--------+--------+-----+--------+

Top non-repeatable levels by time:
     D:1: 1073 daAuts
     D:2: 39 daAuts
